 Dungeon Crawl Stone Soup version 0.29-a0-520-gc852659d43 (webtiles) character file.

Game seed: 1722871839996604214

34 Spectrina the Ducker (level 3, 0/22 HPs)
             Began as a Deep Elf Monk on May 31, 2022.
             Slain by an orc
             ... wielding a +0 flail
              (5 damage)
             ... on level 3 of the Dungeon on June 1, 2022.
             The game lasted 00:05:10 (544 turns).

Spectrina the Ducker (Deep Elf Monk)                 Turns: 544, Time: 00:05:11

Health: 0/22       AC:  2    Str: 10    XL:     3   Next: 14%
Magic:  5/5        EV: 13    Int: 14    God:
Gold:   11         SH:  4    Dex: 17    Spells: 2/2 levels left

rFire   + . .      SeeInvis .   n - +11 war axe of Qekij {distort, rF+}
rCold   . . .      Faith    .   g - +0 buckler
rNeg    . . .      Spirit   .   b - +0 robe
rPois   .          Reflect  .   (no helmet)
rElec   .          Harm     .   (no cloak)
rCorr   .          Rampage  .   (no gloves)
Will    .....                   (no boots)
Stlth   ++........              (no amulet)
HPRegen 0.07/turn               (no ring)
MPRegen 0.09/turn               (no ring)

@: no status effects
A: no striking features
a: no special abilities


You were on level 3 of the Dungeon.
You visited 1 branch of the dungeon, and saw 4 of its levels.

You collected 63 gold pieces.
You spent 52 gold pieces at shops.

Inventory:

Hand Weapons
 a - a +0 falchion
 i - a +1 dagger of draining
 n - the +11 war axe of Qekij (weapon) {distort, rF+}
   (You found it on level 4 of the Dungeon)

   It warps and distorts space around it, and may blink, banish, or inflict
   extra damage upon those it strikes.
   Unwielding it can cause banishment or high damage.
   rF:        It protects you from fire.
Armour
 b - a +0 robe (worn)
 g - a +0 buckler (worn)
Scrolls
 d - 2 scrolls of noise {unknown}
 e - a scroll of enchant weapon {unknown}
 f - 2 scrolls of identify {unknown}
 h - a scroll of magic mapping {unknown}
Potions
 c - a potion of ambrosia
 j - a potion of haste {unknown}
 k - a potion of invisibility {unknown}
 l - a potion of degeneration {unknown}
 m - a potion of might
 o - a potion of curing {unknown}


   Skills:
 + Level 2.5 Fighting
 - Level 0.5(2.2) Short Blades
 - Level 3.1(3.2) Long Blades
 + Level 0.1 Axes
 + Level 3.8 Dodging
 + Level 2.8 Stealth
 + Level 0.5 Shields


You had 2 spell levels left.
You didn't know any spells.
Your spell library was empty.

Dungeon Overview and Level Annotations

Branches:
Dungeon (4/15)
 Temple: D:4-7

Altars:

Shops:
D:4 !


Message History

Space warps horribly around the giant cockroach!
You kill the giant cockroach!
There is a stone staircase leading up here.
You climb upwards.
There is a stone staircase leading down here.
Unknown command.
An orc and a goblin come into view.
An orc comes into view. It is wielding a +0 flail.
Found a book of Geomancy.
The orc shouts!
An orc comes into view. It is wielding a +0 hand axe.
Unknown command.
Unknown command.
The goblin shouts!
You slash the goblin!
You kill the goblin!
You have reached level 3!
Your experience leads to an increase in your attributes!
Increase (S)trength, (I)ntelligence, or (D)exterity?
You feel stronger. x2
Unknown command.
The orc shouts!
You slash the orc!
You kill the orc!
A hobgoblin comes into view.
You closely miss the goblin. The goblin hits you but does no damage.
The goblin hits you with a +0 club.
Unknown command.
You hit the goblin.
You kill the goblin!
You hit the orc.
You kill the orc!
Unknown command.
You closely miss the orc. The orc hits you with a +0 flail!
You closely miss the orc. The orc hits you with a +0 flail!
* * * LOW HITPOINT WARNING * * *
The orc closely misses you.
Unknown command.
You closely miss the orc. The orc hits you with a +0 flail.
You die...

### ### # #..
..# . #. #.# #.#
..
...####.####.##.
........#.......
........>..#.#
.#.##.......#
#....@#.#
#...)o..#
####.#### #.#
#.......#
######... .....
.......
.........


You could see an orc.

Vanquished Creatures
  An adder (D:4)
  A dart slug (D:1)
  2 orcs (D:3)
  2 ball pythons (D:1)
  2 bats
  An endoplasm (D:1)
  2 giant cockroaches (D:4)
  3 goblins
  A kobold (D:1)
  A quokka (D:1)
  A frilled lizard (D:2)
  2 rats (D:1)
19 creatures vanquished.

Notes
Turn   | Place    | Note
-------+----------+-------------------------------------------
     0 | D:1      | Spectrina the Deep Elf Monk began the quest for the Orb.
     0 | D:1      | Reached XP level 1. HP: 13/13 MP: 3/3
   177 | D:1      | Reached XP level 2. HP: 15/18 MP: 4/4
   443 | D:4      | Upgraded the game from 0.29-a0-517-gbdf32494f2 to
                  | 0.29-a0-520-gc852659d43
   466 | D:4      | Noticed a black bear
   488 | D:4      | Found Faitummo's Distillery.
   496 | D:4      | Bought a potion of might for 52 gold pieces
   502 | D:4      | Identified the +11 war axe of Qekij {distort, rF+}
   537 | D:3      | Reached XP level 3. HP: 22/22 MP: 5/5
   544 | D:3      | Slain by an orc

Illustrated notes

Levels and vault maps discovered:
D:1:      ebering_trefoil_3fold, layout_basic
D:2:      layout_loops_ring, hangedman_decor_points, supply_closet_lemuel
D:3:      layout_loops_corners, mainiacjoe_overflow_alcove_2,
          shapermc_ecumenical_altar_ellora, uniq_crazy_yiuf_cottage,
          uniq_grinder
D:4:      layout_gridville, serial_shops, nicolae_square_shop,
          hangedman_abyss_or_decor_passed

Skill      XL: |  1 |
---------------+----+-----
Long Blades    | 3 |  3.1
Fighting       | |  2.5
Short Blades   | |  0.5
Axes           | |  0.1
Dodging        | |  3.8
Stealth        | |  2.8
Shields        | |  0.5

Action                   || total
-------------------------++-------
Melee: Falchion          ||    10
       Dagger            ||    19
       War axe           ||     8
 Stab: Sleeping          ||     5
Armor: Robe              ||     4
Dodge: Dodged            ||    17
Block: Buckler           ||     2

Table legend: (Time is in decaauts)
 A = Elapsed time spent in this place.
 B = Non-inter-level travel time spent in this place.
 C = Inter-level travel time spent in this place.
 D = Time resting spent in this place.
 E = Time spent auto-exploring this place.
 F = Levels seen in this place.
 G = Mean time per level.
                   A        B        C        D        E       F      G
               +--------+--------+--------+--------+--------+-----+--------+
         Total |    546 |    500 |     46 |      0 |      0 |   4 |  136.5 |
       Dungeon |    546 |    500 |     46 |      0 |      0 |   4 |  136.5 |
               +--------+--------+--------+--------+--------+-----+--------+

Top non-repeatable levels by time:
     D:1: 308 daAuts
     D:4: 131 daAuts
     D:2: 60 daAuts
     D:3: 44 daAuts
